 Dungeon Crawl Stone Soup version 0.24.0-37-gcf1ca852f1 (webtiles) character file.

Game seed: 1685948688064153538, levelgen mode: deterministic

215 Gruesph the Grave Robber (level 5, 0/35 HPs)
             Began as a Demonspawn Necromancer on Nov 22, 2019.
             Killed from afar by an orc wizard (8 damage)
             ... with a puff of flame
             ... on level 3 of the Dungeon.
             The game lasted 00:19:30 (4605 turns).

Gruesph the Grave Robber (Demonspawn Necromancer)   Turns: 4605, Time: 00:19:30

Health: 0/35       AC:  3    Str:  9    XL:     5   Next: 60%
Magic:  0/11       EV: 11    Int: 16    God:
Gold:   112        SH:  0    Dex: 14    Spells: 3/12 levels left

rFire    . . .     SeeInvis .   q - +2 short sword (venom)
rCold    . . .     Gourm    .   (no shield)
rNeg     . . .     Faith    .   l - +0 leather armour
rPois    .         Spirit   .   (no helmet)
rElec    .         Reflect  .   (no cloak)
rCorr    .         Harm     .   (no gloves)
MR       .....                  (no boots)
Stlth    ++........             (no amulet)
HPRegen  0.11/turn              (no ring)
MPRegen  0.12/turn              (no ring)

@: no status effects
A: demonic guardian 1
a: no special abilities


You were on level 3 of the Dungeon.
You were hungry.

You visited 1 branch of the dungeon, and saw 3 of its levels.

You collected 112 gold pieces.

Inventory:

Hand Weapons
 q - a +2 short sword of venom (weapon)
Missiles
 c - 29 stones
 n - a throwing net (quivered)
Armour
 l - a +0 leather armour (worn)
Jewellery
 m - an uncursed ring of protection from cold {unknown}
Scrolls
 b - a scroll of fog {unknown}
 h - 2 scrolls of remove curse {unknown}
 i - 3 scrolls of teleportation {unknown}
 k - 3 scrolls of identify {unknown}
 o - 2 scrolls of amnesia {unknown}
 p - a scroll of fear {unknown}
Potions
 a - a potion of haste
 e - a potion of magic {unknown}
 g - 3 potions of flight {unknown}
 j - a potion of cancellation {unknown}
Comestibles
 f - 2 rations


   Skills:
 - Level 1.7 Dodging
 - Level 1.7 Stealth
 + Level 4.1 Spellcasting
 + Level 6.2 Necromancy


You had 3 spell levels left.
You knew the following spells:

 Your Spells              Type           Power        Failure   Level  Hunger
a - Pain                  Necr           ###.         1%          1    None
b - Animate Skeleton      Necr           N/A          1%          1    None
c - Vampiric Draining     Necr           ###.......   5%          3    ###....
d - Animate Dead          Necr           N/A          19%         4    ####...

Your spell library contained the following spells:

 Spells                   Type           Power        Failure   Level  Hunger
 Regeneration             Chrm/Necr      ##........   21%         3    ###....


Dungeon Overview and Level Annotations

Branches:
Dungeon (3/15)

Altars:


Innate Abilities, Weirdness & Mutations

A weak demonic guardian rushes to your aid.


Message History

Your jackal skeleton completely misses the adder.
The adder barely misses you.
The orc warrior hits your jackal skeleton with a +0 flail!
Your jackal skeleton is destroyed!
Your iron imp hits the frilled lizard.
The orc wizard struggles against the net.
You hit the adder.
The adder is severely wounded.
The adder bites you.
* * * LOW HITPOINT WARNING * * *
The orc wizard struggles against the net.
You closely miss the adder.
The adder is severely wounded.
The orc wizard struggles against the net.
The net rips apart, and the orc wizard comes free!
The adder bites you.
* * * LOW HITPOINT WARNING * * *
The orc wizard points at you and mumbles some strange words.
The puff of flame hits you!
You die...

#.# #........#
#. ##.......#
#.......#
#.......#
#.......#######
#######........
#####)#########
#...)5o........
#....lS@.#####
#.....o.$#
......5>..#
...........#
...#########
...


You could see an orc warrior, an orc wizard, an adder, a frilled lizard, a
friendly iron imp and a friendly ufetubus.

Vanquished Creatures
  Terence (D:2)
  An orc wizard (D:3)
  Natasha (thrice) (D:2)
  A gnoll (D:2)
  An adder (D:2)
  An ooze (D:2)
  A worm (D:2)
  2 dart slugs (D:1)
  A leopard gecko (D:1)
  An orc (D:3)
  5 giant cockroaches
  8 goblins
  5 hobgoblins
  5 jackals
  2 quokkas (D:2)
  2 bats
  2 frilled lizards (D:2)
  7 kobolds
  4 rats
53 creatures vanquished.

Vanquished Creatures (collateral kills)
  2 gnolls (D:2)
  An adder (D:2)
3 creatures vanquished.

Grand Total: 56 creatures vanquished

Notes
Turn   | Place    | Note
-------+----------+-------------------------------------------
     0 | D:1      | Gruesph the Demonspawn Necromancer began the quest for the
                  | Orb.
     0 | D:1      | Reached XP level 1. HP: 13/13 MP: 3/3
     2 | D:1      | Learned a level 1 spell: Animate Skeleton
   607 | D:1      | Gained mutation: A weak demonic guardian rushes to your
                  | aid. [demonic ancestry]
   607 | D:1      | Reached XP level 2. HP: 12/19 MP: 0/5
  1893 | D:1      | Reached XP level 3. HP: 11/24 MP: 0/7
  2000 | D:1      | Reached skill level 5 in Necromancy
  2021 | D:1      | Learned a level 3 spell: Vampiric Draining
  2724 | D:2      | Noticed Natasha
  2728 | D:2      | Killed Natasha
  3026 | D:2      | Noticed Natasha
  3034 | D:2      | Killed Natasha
  3034 | D:2      | Reached XP level 4. HP: 15/30 MP: 1/8
  3165 | D:2      | Noticed Natasha
  3176 | D:2      | Killed Natasha
  3379 | D:2      | Learned a level 4 spell: Animate Dead
  3741 | D:2      | Reached XP level 5. HP: 34/35 MP: 7/10
  3772 | D:2      | Noticed Terence
  3782 | D:2      | Killed Terence
  3791 | D:2      | Reached skill level 6 in Necromancy
  4591 | D:3      | Noticed an orc warrior
  4605 | D:3      | Killed from afar by an orc wizard

Levels and vault maps discovered:
D:1:      lightli_arrival_maybe_door_vault, layout_basic, corner_web_ring
D:2:      layout_basic, minmay_misc_feat_nine_boxes, uniq_terence, uniq_natasha
D:3:      layout_basic, first_ration, st_stairs_10, nicolae_ru_path_of_blood,
          uniq_ijyb

Skill      XL: |  1  2  3  4  5 |
---------------+----------------+-----
Necromancy     | 5 6 |  6.2
Spellcasting   | 3 4 |  4.1
Dodging        | |  1.7
Stealth        | |  1.7

Action                   |  1- 3 |  4- 6 || total
-------------------------+-------+-------++-------
Melee: Short sword       |    17 |     7 ||    24
Throw: Stone             |     3 |       ||     3
       Throwing net      |       |     1 ||     1
 Cast: Pain              |    66 |    52 ||   118
       Animate Skeleton  |    11 |     6 ||    17
  Use: Potion            |     1 |       ||     1
  Eat: Chunk             |     4 |     4 ||     8
       Ration            |     1 |       ||     1
Armor: Robe              |    13 |       ||    13
       Leather armour    |       |     4 ||     4
Dodge: Dodged            |    19 |    23 ||    42
